 Dungeon Crawl Stone Soup version 0.31-a0-354-g827e0957a7 (webtiles) character file.

Game seed: 3399201934175004510

93 drugrobin the Sneak (level 4, -4/37 HPs)
             Began as a Demigod Delver on July 24, 2023.
             Killed from afar by a steam dragon (18 damage)
             ... with a ball of steam
             ... on level 6 of the Dungeon.
             The game lasted 00:02:55 (324 turns).

drugrobin the Sneak (Demigod Delver)                 Turns: 324, Time: 00:02:56

Health: -4/37      AC:  3    Str: 17    XL:     4   Next: 15%
Magic:  6/6        EV: 12    Int: 12    God:
Gold:   0          SH:  0    Dex: 15    Spells: 3/3 levels left

rFire   . . .        a - +2 dagger (venom)
rCold   . . .        (no shield)
rNeg    . . .        b - +0 leather armour
rPois   .            (no helmet)
rElec   .            (no cloak)
rCorr   .            (no gloves)
SInv    .            (no boots)
Will    .....        (no amulet)
Stlth   +++          (no ring)
HPRegen 0.26/turn    (no ring)
MPRegen 0.10/turn

%: no passive effects
@: lethally poisoned (-4 -> -11), hasted, very quick
A: high MP 1, forlorn, divine attributes
a: no special abilities


You were on level 6 of the Dungeon.
You visited 1 branch of the dungeon, and saw 2 of its levels.

Inventory:

Hand Weapons
 a - a +2 dagger of venom (weapon)
 e - a +0 mace
Armour
 b - a +0 leather armour (worn)
Wands
 g - a wand of digging (2)
Scrolls
 c - a scroll of fog
 d - a scroll of revelation


   Skills:
 - Level 2.6 Fighting
 + Level 4.2 Maces & Flails
 - Level 1.7 Dodging
 - Level 4.5 Stealth


You had 3 spell levels left.
You didn't know any spells.
Your spell library was empty.

Dungeon Overview and Level Annotations

Branches:
Dungeon (6/15)
 Temple: D:4-7

Annotations:
D:5 Grinder


Innate Abilities, Weirdness & Mutations

You have an increased reservoir of magic. (+10% MP)
You shall have no god before yourself.
Your divine heritage dramatically boosts your attributes as you level up.


Message History

Aim: a steam dragon (56% to hit)
You throw a curare-tipped dart.
The curare-tipped dart barely misses the steam dragon.
Unknown command.
Unknown command.
Throw: dart (curare)
Press: ? - help, Shift-Dir - straight line, f/p - steam dragon
Aim: a steam dragon (56% to hit)
You throw a curare-tipped dart.
The curare-tipped dart barely misses the steam dragon.
Unknown command.
Unknown command.
Unknown command.
The steam dragon breathes steam at you. The ball of steam hits you!
You hear an angry buzzing noise. x2
Unknown command.
A killer bee comes into view.
Found 4 atropa-tipped darts and a scroll labelled WEADOM FURCHETEF.
The killer bee buzzes angrily.
A killer bee comes into view.
The steam dragon bites you but does no damage.
The steam dragon claws you.
Unknown command.
Unknown command.
A killer bee comes into view.
Unknown command.
Found a serpent talisman.
Unknown command.
Unknown command.
Found a book of Vapours.
The killer bee barely misses you.
There is a stone staircase leading up here.
Unknown command.
Unknown command.
The killer bee stings you.
You are poisoned.
The killer bee poisons you! The steam dragon breathes steam at you.
The ball of steam hits you!!
You die...

##...####....<.##..
##....##..#......#
##....#..###....# .
##.......#..###....
##§§.........# .##
#.§§...#D###.#...#
##§......§#.......
###.....§........
#....yy@..##.#
.......(y...#
............(...
.............##...
........?...## ◎.
............. .
............
##.......:.


You could see a steam dragon (catching breath) and 3 killer bees.

Vanquished Creatures
  A hound (D:5)
  2 orc wizards (D:5)
  An adder (D:5)
  3 orcs (D:5)
7 creatures vanquished.

Notes
Turn   | Place    | Note
-------+----------+-------------------------------------------
     0 | D:5      | drugrobin the Demigod Delver began the quest for the Orb.
     0 | D:5      | Reached XP level 1. HP: 18/18 MP: 3/3
     7 | D:5      | Noticed an orc wizard
     8 | D:5      | Noticed an orc wizard
    24 | D:5      | Noticed Grinder
    33 | D:5      | Killed an orc wizard
    34 | D:5      | Reached XP level 2. HP: 16/25 MP: 4/4
    63 | D:5      | Reached XP level 3. HP: 12/30 MP: 5/5
   278 | D:5      | Reached XP level 4. HP: 29/37 MP: 6/6
   286 | D:5      | Noticed a shadow
   310 | D:6      | Noticed a steam dragon
   324 | D:6      | Killed from afar by a steam dragon

Illustrated notes

Levels and vault maps discovered:
D:5:      layout_basic, minmay_temple_entry_sparse_star, gammafunk_ghost_grave,
          uniq_grinder
D:6:      layout_cave_pools, kennysheep_generic_room_7, uniq_sigmund,
          uniq_maggie, uniq_edmund

Skill      XL: |  1  2  3 |
---------------+----------+-----
Maces & Flails | 3 4 |  4.2
Fighting       | |  2.6
Dodging        | |  1.7
Stealth        | |  4.5

Action                     |  1- 3 |  4- 6 || total
---------------------------+-------+-------++-------
  Melee: Mace              |     8 |       ||     8
         Dagger            |    12 |       ||    12
  Throw: Dart              |     5 |     2 ||     7
  Evoke: Wand              |     1 |       ||     1
    Use: Scroll            |     1 |       ||     1
         Potion            |       |     1 ||     1
   Stab: Sleeping          |     1 |       ||     1
 Armour: Leather armour    |     4 |     1 ||     5
  Dodge: Dodged            |    12 |     2 ||    14

Table legend: (Time is in decaauts)
 A = Elapsed time spent in this place.
 B = Non-inter-level travel time spent in this place.
 C = Inter-level travel time spent in this place.
 D = Time resting spent in this place.
 E = Time spent auto-exploring this place.
 F = Levels seen in this place.
 G = Mean time per level.
                   A        B        C        D        E       F      G
               +--------+--------+--------+--------+--------+-----+--------+
         Total |    317 |    317 |      0 |     63 |      0 |   2 |  158.5 |
       Dungeon |    317 |    317 |      0 |     63 |      0 |   2 |  158.5 |
               +--------+--------+--------+--------+--------+-----+--------+

Top non-repeatable levels by time:
     D:5: 300 daAuts
     D:6: 17 daAuts
